 Dungeon Crawl Stone Soup version 0.27.0-1-g7a08968 (webtiles) character file.

Game seed: 2923288652908008205

149 PanicHappy the Cudgeller (level 5, -9/53 HPs)
             Began as a Troll Berserker on Sept 16, 2021.
             Was a Priest of Trog.
             Killed by divine providence
             ... invoked by an orc priest
              (17 damage)
             ... on level 3 of the Dungeon.
             The game lasted 00:09:49 (1624 turns).

PanicHappy the Cudgeller (Troll Berserker)          Turns: 1624, Time: 00:09:50

Health: -9/53      AC:  4    Str: 26    XL:     5   Next: 9%
Magic:  4/4        EV: 10    Int:  3    God:    Trog [***...]
Gold:   70         SH:  0    Dex:  9    Spells: 4/4 levels left

rFire    . . .     SeeInvis .   a - +0 mace
rCold    . . .     Faith    .   (no shield)
rNeg     . . .     Spirit   .   b - +0 animal skin
rPois    .         Reflect  .   (helmet restricted)
rElec    .         Harm     .   (no cloak)
rCorr    .         Rampage  .   (gloves unavailable)
Will     .....                  (boots unavailable)
Stlth    +.........             (no amulet)
HPRegen  1.17/turn              (no ring)
MPRegen  0.09/turn              (no ring)

@: no status effects
A: large, unfitting armour, claws 3, regeneration 1, shaggy fur 1, tough skin 1
a: Renounce Religion, Berserk, Trog's Hand


You were on level 3 of the Dungeon.
You worshipped Trog.
Trog was most pleased with you.
You visited 1 branch of the dungeon, and saw 3 of its levels.

You collected 70 gold pieces.

Inventory:

Hand Weapons
 a - a +0 mace (weapon)
 j - a +0 hunting sling
 n - a +0 flail
Missiles
 k - 32 stones (quivered)
 m - 6 javelins
Armour
 b - a +0 animal skin (worn)
Wands
 o - a wand of charming (8)
Scrolls
 d - 2 scrolls of amnesia {unknown}
 f - 3 scrolls of identify {unknown}
 l - a scroll of fog {unknown}
Potions
 c - 2 potions of haste {unknown}
 e - a potion of heal wounds {unknown}
 g - 2 potions of curing {unknown}
 h - a potion of mutation {unknown}
 i - a potion of brilliance {unknown}


   Skills:
 + Level 3.0 Fighting
 + Level 3.8 Maces & Flails
 + Level 3.6 Dodging
 + Level 0.2 Stealth


You had 4 spell levels left.
You didn't know any spells.
Your spell library contained the following spells:

 Spells                   Type           Power      Damage    Failure   Level
 Portal Projectile        Hex/Tloc       0%         N/A       88%         3
 Blade Hands              Tmut           0%         N/A       100%        5
 Excruciating Wounds      Necr           0%         N/A       100%        5


Dungeon Overview and Level Annotations

Branches:
Dungeon (3/15)

Altars:
Cheibriados
Elyvilon
Fedhas
Okawaru
Qazlal
Sif Muna
Trog
Uskayaw
Vehumet
Zin


Innate Abilities, Weirdness & Mutations

You are too large for most types of armour.
You have claws for hands.
Your natural rate of healing is unusually fast.
You are covered in fur. (AC +1)
You have tough skin. (AC +1)


Message History

The orc barely misses you.
The orc priest hits you from afar with a +0 trident.
Something hits you but does no damage.
You closely miss the orc. The orc hits you but does no damage.
The orc priest miscasts a cantrip.
Something hits you. The orc hits you with a +0 hand axe.
The orc priest hits you from afar with a +0 trident.
You bump into the rock wall.
You hear some strange, mumbled words.
Something tries to affect you, but you resist.
The orc closely misses you.
The orc priest calls down the wrath of Beogh upon you.
Beogh smites you!
You hear a shout!
You hit the orc.
The orc is heavily wounded.
You feel less confused. Something hits you.
The orc hits you with a +0 hand axe.
The orc priest mumbles some strange prayers to Beogh against you.
Beogh smites you!
An orc comes into view. It is wielding a +0 flail.
Something hits you.
You miss something. The orc hits you with a +0 hand axe.
The orc priest hits you from afar with a +0 trident.
* * * LOW HITPOINT WARNING * * *
Something hits you but does no damage.
You miss something. The orc closely misses you.
The orc priest closely misses you. Something hits you.
* * * LOW HITPOINT WARNING * * *
You hit the orc.
You kill the orc!
Trog accepts your kill.
The orc priest hits you from afar with a +0 trident.
* * * LOW HITPOINT WARNING * * *
Something hits you.
* * * LOW HITPOINT WARNING * * *
You hit something but do no damage.
The orc priest calls down the wrath of Beogh upon you.
Beogh smites you!
You die...

#.# .# #.# .# #.#
.# #.# #.#
#.######## #..
#........#
..######
#.######........#
........
................#
.#
#.#####@#.>.....#
†# #)#.......# .#
#o####.#### ##
.o# #.#####..# #
.## ##......... #
## ##...####.## #
##..#.# # #..##.#
# # .######.###..
##.#


You could see an orc priest and an orc.

Vanquished Creatures
  Robin (D:2)
  5 adders
  2 worms (D:3)
  A dart slug (D:3)
  4 orcs (D:3)
  6 ball pythons
  5 endoplasms
  4 giant cockroaches
  12 goblins
  7 hobgoblins
  3 jackals (D:3)
  5 quokkas
  4 bats
  6 frilled lizards
  6 kobolds
  4 rats
75 creatures vanquished.

Notes
Turn   | Place    | Note
-------+----------+-------------------------------------------
     0 | D:1      | PanicHappy the Troll Berserker began the quest for the Orb.
     0 | D:1      | Reached XP level 1. HP: 22/22 MP: 0/0
    99 | D:1      | Reached XP level 2. HP: 29/29 MP: 1/1
   318 | D:1      | Found a faded altar of an unknown god.
   459 | D:2      | Reached ** piety under Trog
   469 | D:2      | Found a glowing silver altar of Zin.
   499 | D:2      | Noticed Robin
   520 | D:2      | Reached XP level 3. HP: 29/36 MP: 2/2
   536 | D:2      | Killed Robin
   749 | D:2      | Reached XP level 4. HP: 44/44 MP: 3/3
  1239 | D:3      | Found a stormy altar of Qazlal.
  1274 | D:3      | Reached *** piety under Trog
  1316 | D:3      | Found a shimmering blue altar of Sif Muna.
  1318 | D:3      | Found a bloodstained altar of Trog.
  1434 | D:3      | Found a hide-covered altar of Uskayaw.
  1434 | D:3      | Found a blossoming altar of Fedhas.
  1434 | D:3      | Found a white marble altar of Elyvilon.
  1435 | D:3      | Found a radiant altar of Vehumet.
  1436 | D:3      | Found an iron altar of Okawaru.
  1444 | D:3      | Found a snail-covered altar of Cheibriados.
  1460 | D:3      | Reached XP level 5. HP: 53/53 MP: 4/4
  1624 | D:3      | Killed from afar by an orc priest

Illustrated notes

Levels and vault maps discovered:
D:1:      matt_arrival_diagonals, layout_rooms,
          chequers_ecumenical_altar_twisty, minivault_26, minmay_distorted
D:2:      layout_loops_cross, basic_altar, uniq_robin
D:3:      layout_rooms, minitemple, st_stairs_14

Skill      XL: |  1  2  3  4 |
---------------+-------------+-----
Maces & Flails | 3 |  3.8
Dodging        | 3 |  3.6
Fighting       | 3 |  3.0
Stealth        | |  0.2

Action                   |  1- 3 |  4- 6 || total
-------------------------+-------+-------++-------
Melee: Mace              |   137 |   125 ||   262
Armor: Animal skin       |    83 |    51 ||   134
Dodge: Dodged            |   102 |   113 ||   215
